 Dungeon Crawl Stone Soup version 0.29.1-13-g9f3cf754e1 (webtiles) character file.

Game seed: 15779571031405813404

9744 DemonSlayer the Thaumaturge (level 11, -2/75 HPs)
             Began as a Demonspawn Earth Elementalist on Feb 1, 2023.
             Was an Elder of Cheibriados.
             Slain by a yak (8 damage)
             ... on level 10 of the Dungeon.
             The game lasted 00:28:21 (12228 turns).

DemonSlayer the Thaumaturge (DsEE)                 Turns: 12228, Time: 00:28:23

Health: -2/75      AC: 10    Str: 22    XL:     11   Next: 27%
Magic:  10/24      EV: 16    Int: 26    God:    Cheibriados [****..]
Gold:   1349       SH:  0    Dex: 28    Spells: 18/29 levels left

rFire   . . .      SeeInvis +   G - +5 great sword (freeze)
rCold   . . .      Faith    .   (shield currently unavailable)
rNeg    . . .      Spirit   .   t - +1 robe "Weacwyt" {*Slow rElec rCorr Stlth+}
rPois   .          Reflect  .   v - +2 helmet
rElec   +          Harm     .   D - +0 cloak
rCorr   +          Rampage  .   (gloves unavailable)
Will    .....      Clarity  +   C - +0 pair of boots
Stlth   +++++.....              s - amulet of the acrobat
HPRegen 0.22/turn               g - +6 ring of dexterity
MPRegen 0.19/turn               q - ring of see invisible

@: mighty, very slow
A: molten scales 1, demonic guardian 2, powered by pain 2, demonic touch 3,
clarity
a: Renounce Religion, Bend Time, Temporal Distortion, Slouch


You were on level 10 of the Dungeon.
You worshipped Cheibriados.
Cheibriados was greatly pleased with you.
You visited 1 branch of the dungeon, and saw 10 of its levels.

You collected 1679 gold pieces.
You spent 330 gold pieces at shops.

Inventory:

Hand Weapons
 G - a +5 great sword of freezing (weapon)
Armour
 e - a +3 kite shield
 j - a +2 buckler
 t - the +1 robe "Weacwyt" (worn) {*Slow rElec rCorr Stlth+}
   (You found it on level 3 of the Dungeon)

   rElec:     It insulates you from electricity.
   rCorr:     It protects you from acid and corrosion.
   *Slow:     It may slow you when you take damage.
   Stlth:     It makes you more stealthy.
 v - a +2 helmet (worn)
 C - a +0 pair of boots (worn)
 D - a +0 cloak (worn)
Jewellery
 g - a +6 ring of dexterity (left hand)
 h - a ring of positive energy
 n - a ring of resist corrosion
 q - a ring of see invisible (right hand)
 s - an amulet of the acrobat (around neck)
 x - a +6 ring of strength
Wands
 z - a wand of iceblast (9)
 H - a wand of polymorph (2)
Scrolls
 b - 10 scrolls of teleportation
 d - 4 scrolls of butterflies
 k - a scroll of magic mapping
 o - 2 scrolls of silence
 p - 5 scrolls of blinking
 y - a scroll of fear {unknown}
 B - a scroll of amnesia
 E - a scroll of immolation
 F - 2 scrolls of enchant armour
Potions
 c - 4 potions of attraction
 f - a potion of lignification
 i - a potion of cancellation {unknown}
 l - 3 potions of mutation
 m - a potion of heal wounds
 r - 2 potions of magic
 u - 6 potions of flight
 w - a potion of curing
 A - 2 potions of haste


   Skills:
 + Level 3.0 Fighting
 + Level 1.7(3.2) Short Blades
 + Level 4.2(4.4) Long Blades
 + Level 5.0 Dodging
 + Level 5.1 Stealth
 + Level 3.1 Shields
 + Level 9.5 Spellcasting
 + Level 4.9 Conjurations
 + Level 0.8 Transmutations
 + Level 8.8 Earth Magic
 + Level 1.1 Poison Magic


You had 18 spell levels left.
You knew the following spells:

 Your Spells              Type           Power      Damage    Failure   Level
a - Sandblast             Erth           100%       2d20      1%          1
b - Stone Arrow           Conj/Erth      96%        3d13      1%          3
c - Mephitic Cloud        Conj/Pois/Air  22%        N/A       6%          3
d - Petrify               Tmut/Erth      37%        N/A       6%          4

Your spell library contained the following spells:

 Spells                   Type           Power      Damage    Failure   Level
 Magic Dart               Conj           100%       1d8       1%          1
 Passwall                 Tmut/Erth      30%        N/A       1%          2
 Call Imp                 Summ           12%        N/A       8%          2
 Ensorcelled Hibernation  Hex/Ice        24%        N/A       8%          2
 Spider Form              Tmut/Pois      17%        N/A       10%         3
 Anguish                  Hex/Necr       6%         N/A       43%         4


Dungeon Overview and Level Annotations

Branches:
Dungeon (10/15)            Temple (0/1) D:6            Lair (0/5) D:10
    Orc (0/2) D:9

Altars:
Cheibriados
Dithmenos
Gozag
Kikubaaqudgha
Makhleb
Okawaru
Trog
Uskayaw

Shops:
D:8 ?

Annotations:
D:10 Erica


Innate Abilities, Weirdness & Mutations

You are partially covered in molten scales. (AC +2)
A demonic guardian rushes to your aid.
You sometimes gain power by taking damage.
Your touch may irresistibly damage your foes and sap their willpower.
You possess an exceptional clarity of mind.


Message History

The yak gores you. The yak barely misses you.
The yak gores you but does no damage.
You feel very mighty all of a sudden. The yak gores you but does no damage.
The yak barely misses you.
You slash the yak! You freeze the yak.
The yak is heavily wounded.
You hear a shout!
The yak gores you but does no damage. The yak gores you.
An orc wizard comes into view. It is wielding a +0 dagger.
You slice the orc wizard!! You freeze the orc wizard!
You kill the orc wizard!
Cheibriados appreciates the change of pace.
The yak gores you but does no damage. x2; The yak gores you.
The yak closely misses you.
You slash the yak! You freeze the yak.
The yak is heavily wounded.
The yak gores you but does no damage. The yak misses you. x2
You hit the yak. You freeze the yak.
The yak is severely wounded.
The yak completely misses you. The yak closely misses you.
The yak gores you but does no damage. The yak gores you!
The yak barely misses you. The yak misses you.
You slice the yak!! You freeze the yak.
You kill the yak!
Cheibriados thoroughly appreciates the change of pace.
The yak barely misses you. The yak misses you.
You slash the yak! You freeze the yak.
The yak is severely wounded.
The orc wizard gestures wildly while chanting.
The orc wizard flickers and vanishes for a moment.
The yak gores you!
* * * LOW HITPOINT WARNING * * *
The yak misses you. The yak barely misses you. x2
You barely miss the yak.
The yak is severely wounded.
The yak gores you!
* * * LOW HITPOINT WARNING * * *
A demonic guardian appears!
You focus on the pain.
You feel your power returning. The yak gores you!
You die...

#..>.................
#....................
#....................
#....................
#....8...)...........
.......................
..###..88######.....#..
..#....#o. #.....#
#....#... #@)3..#
#....#... #YY...#
#....#..oY #o....# ...
#...YYo'.....#
#...Y..#.....#
..Y...#.....# .....
#.....# ..... #.....#
#### #######


You could see 2 yaks, an orc wizard (invisible) and a friendly sun demon
(summoned).

Vanquished Creatures
  A two-headed ogre (D:8)
  A cyclops (D:10)
  A centaur zombie (D:10)
  An unseen horror (D:10)
  Maggie (D:10)
  Prince Ribbit (D:7)
  A troll (D:10)
  2 vampires (D:10)
  A wraith (D:10)
  4 shadows
  15 yaks
  A steam dragon (D:8)
  Menkaure (D:7)
  3 water moccasins (D:7)
  A sky beast (D:5)
  2 ice beasts
  2 black bears
  2 centaurs
  3 phantoms
  4 bullfrogs
  A gnoll sergeant (D:7)
  A necrophage (D:7)
  13 wights
  2 troll zombies (D:9)
  3 electric eels (D:7)
  2 howler monkeys
  A hound (D:4)
  5 jellies
  Crazy Yiuf (D:7)
  9 orc priests
  A gnoll bouda (D:6)
  Jessica (D:2)
  Terence (D:3)
  11 orc wizards
  4 iguanas
  3 ogre zombies (D:9)
  2 human simulacra (D:10)
  A howler monkey zombie (D:10)
  7 adders
  4 gnolls
  A shadow imp (D:6)
  3 white imps
  A worm (D:2)
  A dart slug (D:5)
  39 orcs
  6 ball pythons
  5 endoplasms
  6 giant cockroaches
  10 goblins
  5 hobgoblins
  A jackal (D:3)
  4 kobolds
  3 quokkas
  8 bats
  4 frilled lizards
  A goblin skeleton (D:9)
  2 goblin zombies (D:9)
  A hobgoblin skeleton (D:9)
  2 hobgoblin zombies (D:9)
  An orc skeleton (D:9)
  7 orc zombies (D:9)
  5 rats
  A butterfly (D:6)
238 creatures vanquished.

Vanquished Creatures (collateral kills)
  A yak (D:9)
  A centaur (D:6)
  An ogre zombie (D:9)
  An adder (D:3)
  A shadow imp (D:6)
  2 jackals (D:3)
  A goblin zombie (D:9)
  4 orc zombies (D:9)
12 creatures vanquished.

Vanquished Creatures (others)
  A white imp (D:7)
  A plant (D:7)
  2 withered plants (D:10)
4 creatures vanquished.

Grand Total: 254 creatures vanquished

Notes
Turn   | Place    | Note
-------+----------+-------------------------------------------
     0 | D:1      | DemonSlayer the Demonspawn Earth Elementalist began the
                  | quest for the Orb.
     0 | D:1      | Reached XP level 1. HP: 13/13 MP: 3/3
   371 | D:1      | Gained mutation: You are partially covered in molten
                  | scales. (AC +2) [demonic ancestry]
   371 | D:1      | Reached XP level 2. HP: 19/19 MP: 3/5
  1040 | D:2      | Found a faded altar of an unknown god.
  1084 | D:2      | Noticed Jessica
  1088 | D:2      | Gained mutation: You sometimes gain a little power by
                  | taking damage. [demonic ancestry]
  1088 | D:2      | Reached XP level 3. HP: 24/24 MP: 5/7
  1091 | D:2      | Killed Jessica
  1092 | D:2      | Reached skill level 3 in Spellcasting
  1630 | D:2      | Gained mutation: A weak demonic guardian rushes to your
                  | aid. [demonic ancestry]
  1630 | D:2      | Reached XP level 4. HP: 30/30 MP: 6/8
  1974 | D:2      | Learned a level 3 spell: Stone Arrow
  1978 | D:2      | Learned a level 3 spell: Mephitic Cloud
  2240 | D:3      | Gained mutation: You sometimes gain power by taking damage.
                  | [demonic ancestry]
  2240 | D:3      | Reached XP level 5. HP: 26/35 MP: 3/10
  2384 | D:3      | Found a shadowy altar of Dithmenos.
  2400 | D:3      | Identified the +1 robe "Weacwyt" {*Slow rElec rCorr Stlth+}
  2461 | D:3      | Reached skill level 4 in Spellcasting
  2480 | D:4      | Gained mutation: You possess an exceptional clarity of
                  | mind. [potion of mutation]
  2480 | D:4      | Gained mutation: Your spells are a little harder to cast,
                  | but a little more powerful. [potion of mutation]
  2480 | D:4      | Lost mutation: Your spells are a little harder to cast, but
                  | a little more powerful. [potion of mutation]
  2508 | D:4      | Noticed a phantom
  2534 | D:4      | Killed a phantom
  2535 | D:4      | Gained mutation: Your touch may inflict minor irresistible
                  | damage on your foes. [demonic ancestry]
  2535 | D:4      | Reached XP level 6. HP: 19/42 MP: 5/12
  2944 | D:4      | Reached skill level 1 in Fighting
  3003 | D:4      | Found a hide-covered altar of Uskayaw.
  3205 | D:4      | Reached skill level 5 in Spellcasting
  3433 | D:3      | Gained mutation: Your touch may inflict irresistible damage
                  | on your foes. [demonic ancestry]
  3433 | D:3      | Reached XP level 7. HP: 48/48 MP: 10/14
  3680 | D:3      | Noticed Terence
  3690 | D:3      | Killed Terence
  3691 | D:3      | Reached skill level 1 in Shields
  3905 | D:3      | Learned a level 4 spell: Petrify
  3932 | D:5      | Entered Level 5 of the Dungeon
  3979 | D:5      | Reached skill level 5 in Earth Magic
  4489 | D:5      | Identified a scroll of acquirement
  4494 | D:5      | Acquired 1109 gold pieces
  4804 | D:5      | Reached skill level 1 in Short Blades
  5351 | D:6      | Gained mutation: A demonic guardian rushes to your aid.
                  | [demonic ancestry]
  5351 | D:6      | Reached XP level 8. HP: 51/54 MP: 8/16
  5694 | D:6      | Reached skill level 6 in Spellcasting
  5740 | D:6      | Found an opulent altar of Gozag.
  5996 | D:6      | Found a staircase to the Ecumenical Temple.
  6055 | D:6      | Found a snail-covered altar of Cheibriados.
  6106 | D:6      | Became a worshipper of Cheibriados the Contemplative
  6213 | D:7      | Noticed Prince Ribbit
  6217 | D:7      | Killed Prince Ribbit
  6732 | D:7      | Reached skill level 7 in Spellcasting
  6824 | D:7      | Gained mutation: Your touch may irresistibly damage your
                  | foes and sap their willpower. [demonic ancestry]
  6824 | D:7      | Reached XP level 9. HP: 32/60 MP: 15/19
  6988 | D:7      | Reached * piety under Cheibriados
  7127 | D:7      | Noticed Menkaure
  7227 | D:7      | Killed Menkaure
  7449 | D:7      | Identified the amulet "Fufakuym" {Acrobat Rampage *Slow
                  | +Inv}
  7693 | D:7      | Found a burning altar of Makhleb.
  7704 | D:7      | Found an ancient bone altar of Kikubaaqudgha.
  7706 | D:7      | Found an iron altar of Okawaru.
  7707 | D:7      | Found a bloodstained altar of Trog.
  7778 | D:7      | Found a runed translucent door.
  7779 | D:7      | Noticed Crazy Yiuf
  7926 | D:7      | Killed Crazy Yiuf
  8084 | D:8      | Noticed a two-headed ogre
  8189 | D:8      | Killed a two-headed ogre
  8190 | D:8      | Reached skill level 8 in Spellcasting
  8190 | D:8      | Reached skill level 1 in Conjurations
  8403 | D:8      | Found Pehyl's Magic Scroll Shoppe.
  8407 | D:8      | Bought a scroll of enchant armour for 97 gold pieces
  8407 | D:8      | Bought a scroll of teleportation for 39 gold pieces
  8407 | D:8      | Bought a scroll of blinking for 97 gold pieces
  8407 | D:8      | Bought a scroll of enchant armour for 97 gold pieces
  8592 | D:8      | Reached XP level 10. HP: 63/67 MP: 14/22
  8596 | D:8      | Reached ** piety under Cheibriados
  9271 | D:9      | Reached skill level 1 in Long Blades
  9865 | D:9      | Found a staircase to the Orcish Mines.
  9880 | D:9      | Reached *** piety under Cheibriados
 10061 | D:9      | Reached skill level 9 in Spellcasting
 10067 | D:9      | Reached skill level 5 in Stealth
 10666 | D:10     | Entered Level 10 of the Dungeon
 10680 | D:10     | Noticed Erica
 11440 | D:10     | Reached **** piety under Cheibriados
 11441 | D:10     | Noticed Maggie
 11450 | D:10     | Killed Maggie
 11502 | D:10     | Reached XP level 11. HP: 71/75 MP: 8/24
 11832 | D:10     | Reached skill level 5 in Dodging
 11931 | D:10     | Found a staircase to the Lair.
 11984 | D:10     | Reached skill level 1 in Poison Magic
 12228 | D:10     | Slain by a yak

Illustrated notes

Levels and vault maps discovered:
D:1:      ncdulo_watergridlock, layout_basic, st_stairs_10
D:2:      layout_basic, hellmonk_ecumenical_altar_pennies_from_heaven,
          kennysheep_generic_room_16, uniq_jessica
D:3:      layout_loops_ring, nicolae_dithmenos_through_a_glass_darkly,
          uniq_terence
D:4:      layout_cave_pools, eat_drink_and_be_merry_uskayaw
D:5:      layout_basic, minmay_misc_feat_rugged
D:6:      layout_basic, grunt_temple_overflow_gold_and_silver,
          mainiacjoe_overflow_alcove_4, minmay_temple_entry_butterflies,
          minmay_misc_feat_encased
D:7:      layout_cave_pools, minitemple, st_stairs_11, chequers_big_river,
          uniq_crazy_yiuf_cottage, uniq_menkaure, uniq_prince_ribbit1
D:8:      layout_rooms, serial_shops, nicolae_shop_behind_doors, abandoned_shop,
          kennysheep_cross_room, minivault_5
D:9:      layout_irregular_city, zombieorc1_lemuel
D:10:     layout_grid_maze, lair_entry_dummy, enter_bailey_5, serial_undead,
          serial_undead_e, serial_undead_a, serial_undead_c, serial_undead_b,
          st_stairs_4, bh_circular_ruins, uniq_psyche, uniq_nergalle,
          uniq_maggie, uniq_erica

Skill      XL: |  1  2  3  4  5  6  7  8  9 10 11 |
---------------+----------------------------------+-----
Dodging        | 2 3 4 5 |  5.0
Earth Magic    | 3 4 5 6 8 |  8.8
Spellcasting   | 3 4 5 7 8 9 |  9.5
Stealth        | 2 3 4 5 |  5.1
Fighting       | 1 2 3 |  3.0
Shields        | 1 2 3 |  3.1
Short Blades   | 1 |  1.7
Conjurations   | 1 3 4 |  4.9
Long Blades    | 4 |  4.2
Poison Magic   | 1 |  1.1
Transmutations | |  0.8

Action                   |  1- 3 |  4- 6 |  7- 9 | 10-12 || total
-------------------------+-------+-------+-------+-------++-------
Melee: Unarmed           |    16 |       |       |       ||    16
       Punch             |     1 |       |       |       ||     1
       Dagger            |     5 |    20 |    71 |       ||    96
       Great sword       |       |       |       |    61 ||    61
 Cast: Sandblast         |    49 |    71 |   150 |       ||   270
       Stone Arrow       |       |       |    18 |   106 ||   124
       Mephitic Cloud    |       |       |       |     1 ||     1
  Use: Potion            |     4 |     4 |     2 |     1 ||    11
       Scroll            |       |       |    16 |     3 ||    19
 Stab: Sleeping          |     2 |     3 |     9 |     3 ||    17
Armor: Robe              |    16 |    14 |    56 |    44 ||   130
       Skin              |       |     5 |       |       ||     5
Dodge: Dodged            |    47 |    30 |   126 |   144 ||   347
Block: Buckler           |     3 |    17 |    73 |       ||    93
